 Crawl Stoat Soup version 0.23-ish-327-95-g181beea39d (console) character file.

129 ceb the Grave Robber (level 5, -5/33 HPs)
             Began as a Faerie Dragon Necromancer on Apr 9, 2024.
             Slain by a wight
             ... wielding a +2 dire flail
              (10 damage)
             ... on level 6 of the Dungeon.
             The game lasted 00:04:22 (2074 turns).

ceb the Grave Robber (Faerie Dragon Necromancer)    Turns: 2074, Time: 00:04:23

Health: -5/33      AC:  7    Str:  6    XL:     5   Next: 12%
Magic:  9/9        EV: 15    Int: 19    God:
Gold:   128        SH:  6    Dex: 13    Spells: 2/10 levels left

rFire    . . .     SeeInvis .   a - +0 short sword
rCold    . . .     Gourm    .   (shield restricted)
rNeg     . . .     Faith    .   (armour unavailable)
rPois    .         Spirit   .   (helmet restricted)
rElec    .         Warding  .   f - scarf {CldImm}
rCorr    .         Reflect  .   h - +0 pair of gloves
MR       .....     Harm     .   (no boots)
Stlth    +.........             (no amulet)
HPRegen  0.11/turn              (no ring)
MPRegen  0.11/turn              (no ring)

@: flying, drained
A: small, sparkly, unfitting armour, magic attunement, magical scales, able to
fly
a: Stop Flying


You were on level 6 of the Dungeon.
You were not hungry.

You visited 1 branch of the dungeon, and saw 4 of its levels.

You collected 128 gold pieces.

Inventory:

Hand Weapons
 a - a +0 short sword (weapon)
Armour
 f - a scarf of cloud immunity (worn)
 h - a +0 pair of gloves (worn)
Jewellery
 e - an uncursed ring of resist corrosion {unknown}
 m - an uncursed ring of ice {unknown}
Scrolls
 b - 2 scrolls of teleportation {unknown}
 d - a scroll of remove curse {unknown}
 i - a scroll of fear {unknown}
 j - a scroll of immolation {unknown}
 k - 4 scrolls of identify {unknown}
Potions
 g - 2 potions of curing {unknown}
 n - a potion of brilliance {unknown}
Comestibles
 c - 4 bread rations
 l - 3 chunks of flesh
 o - 2 meat rations


   Skills:
 + Level 1.6(1.3) Fighting
 + Level 3.1(2.8) Dodging
 - Level 1.2(0.9) Stealth
 + Level 3.3(3.0) Spellcasting
 * Level 6.0(5.7) Necromancy


You had 2 spell levels left.
You knew the following spells:

 Your Spells              Type           Power        Failure   Level  Hunger
a - Necrotise             Necr           24/25        1%          1    None
b - Animate Dead          Necr           N/A          14%         4    None
c - Vampiric Draining     Necr           24/200       4%          3    None

Your spell library contained the following spells:

 Spells                   Type           Power        Failure   Level  Hunger
 Apportation              Tloc           2/50         16%         1    None
 Confusing Touch          Hex            2/50         16%         1    None
 Summon Small Mammal      Summ           2/25         16%         1    None
 Regeneration             Chrm/Necr      13/200       43%         4    None


Dungeon Overview and Level Annotations

Branches:
Dungeon (3/15)

Altars:
Ashenzari Ihp'ix
Wu Jian


Innate Abilities, Weirdness & Mutations

Your sparkly wings attract attention (Stealth-).
You are small and have problems with some larger weapons.
You cannot fit into any form of body armour.
Your spells do not cause hunger; their MP costs are reduced by 1.
Your shimmering scales repel attacks (AC +6, SH +6).
You can fly continuously.


Message History

The wight misses you.
You barely miss the wight.
The wight is heavily damaged.
The wight barely misses you.
You hit the wight.
The wight is severely damaged.
The wight misses you.
You hit the wight but do no damage.
The wight is severely damaged.
The wight barely misses you.
You hit the wight.
The wight is almost destroyed.
The wight hits you with an enchanted dire flail!
* * * LOW HITPOINT WARNING * * *
You feel drained.
* * * LOW HITPOINT WARNING * * *
You barely miss the wight.
The wight is almost destroyed.
The wight hits you with an enchanted dire flail!
You die...

#...####.###.##
#.#
#.....@z.##.##
#.#
##...#.###.##
#.# ##..#.# ###
#.# ###### #.


You could see a wight.

Vanquished Creatures
  2 adders (D:2)
  2 worms
  2 dart slugs
  3 orcs (D:3)
  3 giant cockroaches
  6 goblins
  6 hobgoblins
  5 jackals
  2 kobolds (D:1)
  A ball python (D:1)
  4 bats
  3 frilled lizards
  6 rats
45 creatures vanquished.

Vanquished Creatures (collateral kills)
  2 orc wizards (D:3)
  A bat (D:2)
  A giant cockroach (D:1)
4 creatures vanquished.

Vanquished Creatures (others)
  An orc wizard (D:3)
1 creature vanquished.

Grand Total: 50 creatures vanquished

Notes
Turn   | Place    | Note
-------+----------+-------------------------------------------
     0 | D:1      | ceb the Faerie Dragon Necromancer began the quest for the
                  | Orb.
     0 | D:1      | Reached XP level 1. HP: 11/11 MP: 3/3
   243 | D:1      | Reached skill level 5 in Necromancy
   243 | D:1      | Reached XP level 2. HP: 17/17 MP: 5/5
   585 | D:1      | Reached XP level 3. HP: 22/22 MP: 7/7
   903 | D:2      | Reached skill level 1 in Fighting
   928 | D:2      | Found an ornate altar of the Wu Jian Council.
  1032 | D:2      | Found a shattered altar of Ashenzari.
  1293 | D:2      | Reached XP level 4. HP: 28/28 MP: 8/8
  1359 | D:2      | Found a three-legged altar of Ihp'ix.
  1720 | D:3      | Reached skill level 6 in Necromancy
  1720 | D:3      | Reached XP level 5. HP: 8/33 MP: 9/9
  1731 | D:3      | Learned a level 4 spell: Animate Dead
  1735 | D:3      | Learned a level 3 spell: Vampiric Draining
  2006 | D:3      | You are sucked into a shaft for 3 floors!
  2074 | D:6      | Slain by a wight

Vault maps used:
D:1:      dpeg_arrival_pond
D:2:      marbit_many_paths, ashenzari_conservatory_becter, lemuel_round_altar
D:3:      uniq_sigmund, uniq_natasha, uniq_crazy_yiuf_cottage
D:6:      nicolae_gozag_cash_rules_everything_around_me, zin_treasury,
          old_standard_altar, minmay_temple_entry_enclosed_plants, serial_shops,
          shop, chequers_decorated_corner, uniq_duvessa, uniq_menkaure

Skill      XL: |  1  2  3  4 |
---------------+-------------+-----
Necromancy     | 5 6 |  6.0
Fighting       | 1 |  1.6
Spellcasting   | 3 |  3.3
Dodging        | 3 |  3.1
Stealth        | |  1.2

Action                   |  1- 3 |  4- 6 || total
-------------------------+-------+-------++-------
Melee: Short sword       |       |    25 ||    25
 Cast: Necrotise         |    53 |    37 ||    90
  Eat: Chunk             |     1 |     2 ||     3
Armor: Skin              |     6 |     5 ||    11
Dodge: Dodged            |    14 |    30 ||    44
Block: Other             |     5 |    15 ||    20

Table legend:
 A = Spawn XP
 B = Non-spawn XP
 C = Spawn XP percentage of total XP
 D = Spawn monster count
 E = Non-spawn monster count
 F = Spawn count percentage of total count
 G = Total turns spent on level
                    A         B        C        D         E        F      G
               +---------+---------+-------+---------+---------+-------+---------
         Total |       2 |     183 |   1.1 |       2 |      48 |   4.0 |  2074
               +---------+---------+-------+---------+---------+-------+---------
           D:1 |       1 |      34 |   2.9 |       1 |      18 |   5.3 |   862
           D:2 |       0 |      59 |   0.0 |       0 |      19 |   0.0 |   716
           D:3 |       1 |      90 |   1.1 |       1 |      11 |   8.3 |   428
               +---------+---------+-------+---------+---------+-------+---------
